Map: Emerald City LE

Players

Fckling

  • Race: Zerg Zerg
  • League: Diamond
  • Spawn Location: 5:00

Meglomaniac

  • Race: Terran Terran
  • League: Diamond
  • Spawn Location: 5:00

Massa - Winner!

  • Race: Terran Terran
  • League: Platinum
  • Spawn Location: 11:00

qqq - Winner!

  • Race: Zerg Zerg
  • Spawn Location: 11:00

VOD

Have the link to the VOD?

Description

Time

  • Played on: Feb. 7, 2021, 7:50 a.m.
  • Length: 13:05
Show
View Real Time Build Order
Export as new Build Order

Fckling Zerg 

Build Orders: Pool First, Muta Ling Bane 

Get SALT Encoding   

  12  0:08  Overlord  
  12  0:13  Drone  
  13  0:17  Drone  
  14  0:26  Drone  
  15  0:30  Drone  
  16  0:41  Drone  
  17  0:52  Spawning Pool  
  17  0:54  Extractor, Drone  
  16  1:03  Drone  
  16  1:23  Drone  
  17  1:30  Drone  
  18  1:35  Drone  
  18  1:36  Hatchery  
  18  1:45  Queen  
  20  1:52  Overlord  
  20  1:57  Drone  
  21  2:03  Metabolic Boost  
  21  2:08  Drone  
  22  2:17  Drone  
  23  2:23  Extractor  
  23  2:29  Drone  
  23  2:39  Lair  
  23  2:41  Drone  
  24  2:49  Zergling x4  
  26  2:51  Queen  
  26  2:56  Drone x3  
  31  2:59  Drone  
  31  3:05  Drone  
  33  3:11  Drone  
  34  3:15  Drone  
  35  3:23  Drone  
  35  3:25  Baneling Nest  
  35  3:29  Drone  
  36  3:39  Overlord x2  
  36  3:40  Overlord  
  36  3:46  Overlord  
  36  3:47  Overlord  
  36  3:57  Spire  
  36  3:59  Drone, Extractor  
  35  4:05  Drone  
  36  4:12  Zergling x6  
  36  4:13  Overlord  
  39  4:28  Baneling  
  39  4:29  Baneling x2  
  39  4:30  Drone x5  
  39  4:31  Drone  
  45  4:38  Overseer  
  45  4:39  Extractor  
  45  4:41  Drone x2  
  45  4:42  Drone  
  46  4:51  Baneling x3  
  46  4:54  Drone x3  
  49  5:02  Drone x3  
  49  5:05  Drone  
  49  5:06  Drone x2  
  55  5:10  Overlord  
  55  5:21  Spore Crawler  
  55  5:24  Zergling x4  
  55  5:28  Centrifical Hooks  
  56  5:35  Baneling x2  
  56  5:36  Baneling x2  
  56  5:37  Zergling x6  
  56  5:38  Zergling x4  
  57  6:03  Zergling x4  
  56  6:09  Zergling x16  
  40  6:22  Baneling x2  
  40  6:24  Zergling x4  
  34  6:31  Baneling x6  
  34  6:32  Baneling x6  
  33  6:33  Zergling x2  
  31  6:56  Zergling x2  
  31  6:57  Zergling x10  
  36  7:04  Queen  
  38  7:12  Corruptor x3  
  38  7:13  Corruptor  
  46  7:22  Overlord  
  46  7:33  Drone  
  46  7:34  Drone x3  
  46  7:35  Drone  
  46  7:36  Drone x2  
  53  7:43  Drone  
  54  7:53  Drone x2  
  57  8:05  Zergling x2  
  57  8:06  Zergling x8  
  61  8:14  Drone x2  
  63  8:30  Drone x4  
  61  8:46  Drone  
  61  8:47  Drone x3  
  59  9:00  Hatchery  
  59  9:01  Mutalisk  
  59  9:02  Mutalisk x4  
  68  9:11  Baneling x6  
  68  9:12  Baneling  
  68  9:27  Extractor  
  68  9:28  Baneling x6  
  68  9:29  Baneling  
  68  9:31  Extractor, Zergling x2  
  67  9:38  Drone  
  67  9:39  Overlord x3  
  68  9:51  Overlord x2  
  68  9:56  Overlord x2  
  68  9:57  Overlord  
  68  10:04  Drone  
  68  10:05  Drone x4  
  73  10:18  Zergling x8  
  63  10:34  Corruptor x3  
  63  10:35  Corruptor  
  59  10:46  Queen  
  59  10:48  Corruptor  
  60  10:55  Spore Crawler  
  59  11:03  Hydralisk Den  
  58  11:05  Drone  
  58  11:06  Drone x5  
  64  11:32  Hydralisk  
  64  11:33  Hydralisk x7  
  80  11:41  Drone x3  
  83  11:47  Drone  
  83  11:48  Drone  
  83  11:49  Drone x2  
  83  11:50  Drone  
  88  11:58  Hydralisk  
  88  11:59  Hydralisk x3  
  96  12:02  Zergling x6  
  99  12:19  Hydralisk x3  
  99  12:20  Hydralisk x3  
  111  12:23  Spore Crawler  
  111  12:25  Baneling x2  
Show
View Real Time Build Order
Export as new Build Order

Meglomaniac Terran 

Build Orders: Gas First Reaper Expand 

Get SALT Encoding   

  12  0:00  SCV  
  13  0:12  SCV  
  14  0:17  Supply Depot  
  14  0:24  SCV  
  15  0:29  Refinery  
  15  0:39  SCV  
  16  0:47  Barracks  
  16  0:51  SCV  
  17  1:03  SCV  
  18  1:15  SCV  
  19  1:34  Orbital Command, Reaper  
  20  1:46  Command Center  
  20  1:57  Factory  
  20  2:00  SCV  
  21  2:12  SCV  
  21  2:13  Refinery, Barracks Reactor  
  22  2:21  Supply Depot  
  22  2:28  SCV  
  23  2:42  Starport  
  23  2:45  SCV  
  24  2:57  SCV  
  25  3:00  Orbital Command  
  25  3:04  Hellion x2  
  29  3:12  SCV  
  30  3:22  Fusion Core  
  30  3:24  SCV  
  30  3:26  Viking  
  33  3:31  SCV  
  34  3:36  SCV  
  34  3:39  Hellion x2  
  39  3:43  Supply Depot  
  39  3:48  SCV  
  41  3:55  SCV  
  41  3:59  Starport Tech Lab  
  41  4:01  SCV  
  42  4:03  Refinery  
  42  4:07  SCV  
  43  4:22  Battlecruiser  
  49  4:28  SCV x2  
  51  4:39  Supply Depot  
  51  4:41  Supply Depot  
  51  4:44  Hellion  
  51  4:45  Hellion  
  54  4:55  Supply Depot  
  54  5:01  SCV x2  
  54  5:02  Supply Depot  
  54  5:03  Barracks Tech Lab  
  54  5:06  Starport  
  56  5:07  Starport  
  56  5:09  Refinery  
  56  5:13  SCV  
  57  5:15  SCV  
  58  5:25  SCV  
  58  5:27  SCV  
  60  5:36  Barracks Tech Lab  
  60  5:41  SCV x2  
  53  5:58  SCV  
  53  6:00  SCV, Engineering Bay  
  53  6:02  Hellion  
  53  6:04  Supply Depot x2  
  53  6:10  SCV  
  54  6:21  Hellion  
  54  6:23  Hellion  
  38  6:39  Battlecruiser x2  
  45  6:43  Hellion  
  45  6:45  Hellion  
  49  7:04  Hellion  
  49  7:06  Hellion  
  49  7:07  Missile Turret  
  53  7:11  Missile Turret  
  53  7:13  Orbital Command  
  53  7:14  Missile Turret  
  53  7:25  Hellion  
  55  7:48  Supply Depot  
  55  7:54  SCV x2  
  57  8:06  SCV x2  
  57  8:09  Command Center  
  59  8:18  SCV x2  
  61  8:30  SCV x2  
  63  8:35  Battlecruiser  
  69  8:42  SCV  
  70  8:52  Supply Depot  
  70  8:53  Supply Depot  
  70  8:55  SCV x2  
  72  9:00  Widow Mine x2  
  76  9:05  Refinery  
  76  9:07  SCV x2  
  78  9:16  Battlecruiser  
  84  9:21  Widow Mine x2  
  84  9:22  Factory  
  84  9:23  SCV  
  89  9:24  SCV  
  89  9:25  Barracks Tech Lab  
  90  9:36  Refinery  
  90  9:40  SCV x2  
  90  9:41  SCV  
  90  9:43  Widow Mine x2  
  97  9:45  Missile Turret  
  97  9:50  Missile Turret  
  97  9:52  SCV x2  
  99  9:53  SCV  
  100  10:04  SCV  
  100  10:05  Battlecruiser  
  93  10:40  Battlecruiser x2  
  93  10:43  Widow Mine x2  
  93  10:44  Widow Mine  
  99  10:55  SCV  
  94  11:05  Widow Mine  
  94  11:09  Widow Mine x2  
  100  11:16  Armory  
  100  11:17  Armory  
  100  11:26  Widow Mine  
  100  11:30  Widow Mine x2  
  100  11:32  Missile Turret  
  106  11:34  Missile Turret  
  106  11:36  Missile Turret x2  
  106  11:41  Missile Turret  
  106  11:46  Supply Depot  
  106  11:50  Supply Depot  
  100  12:22  Widow Mine  
  106  12:23  Widow Mine x2  
  106  12:44  Widow Mine x2  
Show
View Real Time Build Order
Export as new Build Order

Massa Terran - Winner!

Build Orders:  

Get SALT Encoding   

  12  0:00  SCV  
  13  0:12  SCV  
  14  0:19  Supply Depot  
  14  0:24  SCV  
  15  0:40  SCV  
  15  0:42  Barracks  
  16  0:47  Refinery  
  16  0:52  SCV  
  17  1:04  SCV  
  18  1:16  SCV  
  19  1:29  SCV  
  19  1:31  Reaper, Supply Depot  
  21  1:35  Bunker  
  21  1:41  Orbital Command  
  21  1:49  Barracks  
  21  2:03  Marine  
  22  2:18  Command Center  
  22  2:21  Marine  
  23  2:36  Barracks Tech Lab, Factory  
  23  2:39  SCV, Marine  
  25  2:51  SCV  
  26  3:02  Marauder, Marine  
  26  3:03  SCV  
  30  3:08  Refinery  
  30  3:11  Engineering Bay  
  30  3:15  SCV  
  31  3:30  Hellion  
  31  3:31  Supply Depot  
  31  3:33  Supply Depot  
  33  3:46  Stimpack  
  33  3:48  Orbital Command  
  32  3:49  SCV  
  32  3:52  Hellion  
  32  3:53  Marine  
  32  3:54  Marine  
  37  4:01  SCV  
  38  4:10  Marine  
  38  4:12  Marine  
  40  4:18  SCV x2, Hellion  
  40  4:24  Missile Turret  
  44  4:28  Marine  
  44  4:30  SCV x2, Missile Turret  
  47  4:39  Hellion  
  47  4:40  Marauder  
  51  4:46  Marine  
  52  5:01  Hellion, Marauder  
  52  5:02  Starport  
  52  5:04  Marine  
  58  5:07  SCV x2  
  59  5:14  Command Center  
  59  5:19  SCV x2  
  59  5:20  Terran Infantry Weapons Level 1  
  61  5:31  SCV  
  50  6:03  Marine  
  50  6:04  Marauder  
  48  6:09  Barracks  
  48  6:10  Factory Tech Lab  
  48  6:12  Starport Reactor  
  48  6:21  Marine  
  48  6:25  Marauder  
  48  6:37  Cyclone  
  48  6:39  Marine  
  46  7:04  Planetary Fortress  
  46  7:05  Marine  
  46  7:06  Marauder  
  43  7:09  Siege Tank  
  43  7:13  SCV x2  
  43  7:15  Missile Turret  
  48  7:19  Combat Shield  
  48  7:23  Barracks Reactor, Marine  
  48  7:24  Terran Infantry Armor Level 1  
  48  7:25  SCV  
  48  7:26  SCV  
  48  7:27  Marauder  
  48  7:28  Armory  
  53  7:36  Refinery  
  53  7:38  SCV x2  
  53  7:40  Medivac  
  53  7:41  Marine  
  53  7:43  Refinery  
  58  7:48  Marauder  
  58  7:50  SCV x2  
  58  7:51  Cyclone  
  65  7:59  Marine  
  65  8:02  SCV  
  65  8:03  Marine x2  
  65  8:05  Barracks  
  69  8:07  Barracks  
  69  8:09  Marine  
  69  8:10  Supply Depot x3  
  69  8:11  SCV x2  
  69  8:12  Supply Depot  
  72  8:14  SCV, Mag-Field Accelerator  
  72  8:17  Marine  
  74  8:21  Marine x2  
  74  8:23  SCV  
  77  8:31  SCV x2  
  79  8:35  Supply Depot x2  
  79  8:38  Concussive Shells  
  79  8:39  Marine x2  
  79  8:46  Siege Tank  
  82  8:57  Marauder, Marine x3  
  82  9:00  Barracks Reactor, Barracks Tech Lab  
  87  9:08  Engineering Bay  
  87  9:12  Medivac  
  87  9:15  Marine x3  
  87  9:16  SCV x3  
  95  9:18  Marauder  
  95  9:19  Refinery  
  95  9:20  Refinery  
  97  9:28  SCV x3  
  100  9:32  Command Center  
  100  9:38  Marine x4  
  102  9:39  Marine x2  
  102  9:40  SCV x3, Marauder  
  102  9:43  Medivac  
  113  9:52  SCV  
  113  9:53  SCV  
  113  9:55  Marine x2  
  113  9:56  Marine x2  
  113  9:57  Marauder  
  121  10:01  Marauder  
  123  10:13  Marine  
  124  10:14  Marine  
  125  10:25  Marine  
  125  10:28  Marine  
  125  10:29  Marine  
  125  10:30  Marauder x2  
  125  10:31  Marine  
  125  10:32  Marine  
  99  10:43  Marine  
  99  10:46  Marine  
  99  10:49  Marine x2  
  93  10:50  Marine  
  93  10:51  Marauder, Medivac x2  
  93  10:52  Marauder  
  100  10:58  SCV  
  100  10:59  SCV x2  
  100  11:01  Marine, Planetary Fortress  
  104  11:04  Marine, Missile Turret  
  104  11:07  Marine x3  
  104  11:10  SCV  
  104  11:11  SCV x2  
  111  11:12  Marauder, Missile Turret  
  111  11:13  Marauder  
  115  11:19  Marine  
  115  11:21  Viking x2  
  115  11:22  SCV, Marine  
  115  11:23  SCV x2  
  115  11:24  Marine  
  115  11:25  Marine  
  126  11:34  Marauder x2  
  126  11:39  Command Center, Thor  
  136  11:41  Marine x3  
  136  11:42  Marine  
  140  11:51  Refinery x2  
  140  11:55  Supply Depot x3  
  140  11:58  Marine  
  140  11:59  Supply Depot  
  140  12:04  Marine  
  140  12:17  Marauder, Marine x5, Viking x2  
  140  12:20  Supply Depot  
  140  12:22  Marine  
  152  12:28  SCV x3  
  152  12:29  SCV  
  156  12:34  Command Center  
  156  12:38  Marine  
  156  12:40  SCV  
  156  12:41  SCV x2  
Show
View Real Time Build Order
Export as new Build Order

qqq Zerg - Winner!

Build Orders: Hatch First 

Get SALT Encoding   

  12  0:00  Drone  
  13  0:11  Drone  
  14  0:18  Overlord  
  14  0:47  Hatchery  
  13  0:54  Drone  
  13  0:55  Drone  
  13  0:56  Drone  
  16  1:18  Spawning Pool  
  15  1:20  Extractor  
  15  1:23  Drone  
  15  1:27  Drone  
  16  1:38  Drone  
  16  1:39  Drone  
  18  1:52  Overlord  
  18  1:58  Extractor  
  17  2:08  Queen  
  17  2:09  Queen  
  17  2:14  Drone  
  22  2:18  Drone  
  23  2:23  Drone  
  23  2:24  Zergling x2  
  26  2:30  Zergling x2  
  26  2:32  Drone  
  27  2:38  Metabolic Boost  
  27  2:42  Zergling x2  
  28  2:54  Zergling x4  
  28  2:55  Drone x2  
  28  2:58  Drone  
  33  3:04  Zergling x2  
  34  3:07  Drone  
  35  3:15  Zergling x2  
  36  3:22  Lair  
  36  3:24  Overlord  
  36  3:28  Overlord  
  36  3:41  Overlord  
  36  3:43  Zergling x4  
  36  3:45  Drone, Zergling x4  
  41  3:52  Zergling x2  
  41  3:53  Zergling x4  
  41  3:54  Zergling x2  
  45  4:00  Zergling x2  
  45  4:01  Zergling x4  
  48  4:03  Zergling x2  
  49  4:15  Zergling x6  
  49  4:16  Zergling x2  
  52  4:29  Zergling x6  
  52  4:30  Drone x2  
  52  4:31  Drone x2  
  54  4:50  Zergling x6  
  54  4:51  Drone x2  
  59  4:54  Spire  
  58  5:02  Drone  
  59  5:13  Hatchery  
  58  5:15  Drone  
  58  5:18  Drone  
  58  5:20  Overlord x2  
  60  5:22  Extractor  
  60  5:23  Drone  
  60  5:47  Drone  
  60  5:48  Drone x4  
  60  5:49  Drone x2  
  67  5:53  Spore Crawler  
  67  5:55  Queen, Spore Crawler  
  61  5:57  Spore Crawler  
  61  5:59  Spore Crawler  
  52  6:07  Corruptor  
  53  6:12  Corruptor  
  54  6:28  Extractor  
  54  6:30  Extractor, Queen  
  54  6:31  Queen, Spore Crawler  
  52  6:44  Zergling x6  
  52  6:45  Drone x2  
  41  6:56  Drone x3  
  43  7:05  Drone  
  44  7:10  Drone  
  45  7:18  Drone x5  
  48  7:23  Drone  
  48  7:26  Zerg Flyer Armor Level 1  
  48  7:28  Drone  
  48  7:29  Mutalisk  
  52  7:31  Drone  
  53  7:41  Corruptor  
  55  7:44  Corruptor  
  55  7:47  Drone  
  58  7:57  Corruptor  
  60  7:59  Drone x3  
  60  8:05  Infestation Pit  
  62  8:07  Mutalisk  
  62  8:09  Drone x2  
  62  8:11  Drone  
  67  8:18  Drone  
  67  8:19  Extractor  
  67  8:21  Extractor  
  67  8:26  Mutalisk x2  
  65  8:40  Overlord x3  
  62  8:49  Hatchery, Overlord  
  61  9:00  Hive  
  61  9:13  Mutalisk x2  
  65  9:21  Zerg Flyer Weapons Level 1  
  65  9:24  Mutalisk  
  65  9:29  Corruptor  
  69  9:35  Corruptor  
  69  9:36  Hatchery  
  70  9:51  Corruptor  
  72  9:53  Corruptor  
  74  10:01  Drone  
  75  10:20  Mutalisk x3  
  67  10:36  Corruptor  
  67  10:38  Drone x3  
  67  10:42  Spine Crawler  
  69  10:48  Corruptor x2  
  73  10:57  Drone  
  74  11:09  Drone  
  74  11:10  Zergling x4  
  74  11:11  Zergling x2, Corruptor  
  78  11:13  Mutalisk  
  78  11:15  Hatchery  
  81  11:26  Hatchery  
  80  11:33  Drone x4  
  80  11:34  Mutalisk  
  80  11:35  Mutalisk  
  88  11:40  Zergling x6  
  88  11:45  Viper  
  88  11:46  Spine Crawler  
  93  11:50  Pneumatized Carapace  
  93  11:52  Overseer  
  93  11:57  Spine Crawler  
  93  12:00  Corruptor  
  94  12:07  Corruptor  
  96  12:16  Mutalisk  
  96  12:22  Overlord x3  
  98  12:32  Mutalisk  
Tags
 
Add a new tag
Caveats
  • Supply blocks, unpowered buildings, or Contaminate may cause inaccurate times.
  • Supply counts are checked every 10 seconds.